Map: Dusk Towers

Players

LindyHop

  • Race: Zerg Zerg
  • League: Platinum

Jin - Winner!

  • Race: Zerg Zerg
  • League: Platinum

VOD

Have the link to the VOD?

Description

Time

  • Played on: Jan. 7, 2016, 3:58 p.m.
  • Length: 13:37
Show
View Real Time Build Order
Export as new Build Order

LindyHop Zerg 

Build Orders: Pool First, Muta Ling Bane, Zergling Baneling 

Get SALT Encoding   

  12  0:01  Drone  
  13  0:08  Drone  
  13  0:13  Extractor  
  13  0:16  Drone  
  14  0:33  Spawning Pool  
  13  0:38  Drone  
  14  0:47  Overlord  
  14  0:55  Extractor  
  14  0:56  Drone  
  15  1:19  Metabolic Boost  
  15  1:21  Queen  
  15  1:22  Zergling x2  
  18  1:35  Baneling Nest  
  18  1:36  Zergling x2  
  18  1:40  Zergling x2  
  19  1:51  Spine Crawler  
  18  2:00  Overlord  
  18  2:13  Zergling x4  
  20  2:20  Baneling x3  
  20  2:23  Zergling x2  
  18  2:47  Zergling x8  
  22  3:00  Zergling x2, Baneling x2  
  23  3:18  Drone x4  
  27  3:36  Drone  
  28  3:48  Hatchery  
  24  3:57  Drone x3  
  27  4:10  Spine Crawler  
  26  4:18  Drone  
  26  4:34  Zergling x4  
  26  4:35  Baneling x4  
  26  4:36  Baneling  
  28  4:47  Drone  
  29  4:59  Zergling x2  
  30  5:05  Zergling x4  
  31  5:10  Roach Warren  
  29  5:14  Baneling x3  
  29  5:18  Zergling x4  
  29  5:20  Zergling x4  
  32  5:27  Drone  
  33  5:29  Lair  
  33  5:30  Extractor  
  32  5:38  Queen  
  34  5:43  Drone x2  
  34  5:44  Overlord  
  36  6:06  Drone x5  
  41  6:13  Drone x3  
  44  6:19  Overlord x2  
  44  6:32  Spire  
  44  6:37  Extractor  
  44  6:38  Extractor  
  44  6:39  Drone x3  
  43  6:52  Drone x4  
  47  6:55  Overseer  
  47  6:57  Drone  
  47  6:59  Drone  
  49  7:01  Drone  
  49  7:03  Drone  
  52  7:08  Drone x2  
  53  7:43  Overlord  
  53  7:44  Mutalisk x3  
  59  7:54  Evolution Chamber  
  59  7:58  Hatchery  
  57  8:11  Mutalisk x5  
  67  8:14  Overlord x2  
  67  8:18  Drone  
  68  8:32  Mutalisk  
  68  8:33  Mutalisk x2  
  74  8:35  Mutalisk  
  75  9:00  Mutalisk x2  
  79  9:03  Mutalisk  
  81  9:10  Hatchery  
  81  9:11  Roach Warren  
  81  9:15  Overlord x2  
  79  9:18  Centrifical Hooks  
  79  9:24  Zergling x6  
  79  9:26  Overlord x2  
  82  9:39  Roach x2  
  82  9:40  Roach x3  
  92  9:52  Mutalisk x2  
  92  9:54  Zergling x4  
  98  10:01  Mutalisk  
  96  10:08  Zergling x2  
  96  10:09  Zergling x8  
  99  10:21  Zerg Flyer Weapons Level 1  
  100  10:28  Zergling x4  
  100  10:30  Baneling  
  100  10:31  Baneling x5  
  100  10:32  Drone  
  100  10:33  Drone x2  
  104  10:42  Zergling x2  
  104  10:43  Zergling x8  
  104  10:46  Zergling x2  
  109  10:50  Overlord  
  109  10:54  Glial Reconstitution  
  109  10:58  Zergling x2  
  109  10:59  Zergling x2  
  111  11:08  Zergling x8  
  115  11:17  Zergling x2  
  107  11:19  Zergling x6  
  107  11:20  Zergling x4  
  112  11:32  Drone x6  
  118  11:38  Zerg Ground Armor Level 1  
  118  11:43  Baneling  
  118  11:44  Baneling x4  
  118  11:48  Drone x2  
  119  12:03  Overlord x3  
  119  12:04  Overlord  
  119  12:11  Extractor  
  119  12:12  Drone, Extractor  
  118  12:28  Mutalisk x6  
  130  12:38  Infestation Pit  
  130  12:40  Evolution Chamber  
  128  12:45  Queen  
  129  13:00  Mutalisk x4  
  129  13:04  Mutalisk  
  139  13:11  Zergling x2  
  139  13:12  Zergling x6  
Show
View Real Time Build Order
Export as new Build Order

Jin Zerg - Winner!

Build Orders: Pool First 

Get SALT Encoding   

  12  0:00  Drone  
  13  0:22  Spawning Pool  
  13  0:25  Drone  
  13  0:29  Extractor  
  13  0:32  Drone  
  13  0:37  Drone  
  14  0:45  Overlord  
  14  1:09  Zergling x6  
  17  1:12  Queen  
  19  1:20  Zergling x2  
  20  1:28  Metabolic Boost  
  20  1:31  Zergling x2  
  21  1:41  Zergling x2  
  22  1:55  Overlord  
  22  2:03  Baneling Nest  
  21  2:09  Zergling x2  
  22  2:20  Drone x3  
  22  2:21  Drone  
  26  2:29  Drone  
  23  2:39  Drone  
  24  2:49  Drone  
  25  2:57  Zergling x2  
  25  2:58  Zergling x4  
  27  3:04  Hatchery  
  26  3:20  Baneling  
  26  3:21  Baneling x3  
  26  3:22  Zergling x4  
  26  3:39  Zergling x8  
  29  4:10  Overlord  
  29  4:15  Baneling, Queen  
  31  4:21  Drone x3  
  33  4:41  Drone x2  
  33  4:42  Drone x4, Zergling x4  
  33  4:43  Zergling x2  
  41  4:59  Drone x2  
  43  5:03  Lair, Roach Warren  
  43  5:06  Evolution Chamber  
  39  5:07  Drone x2  
  40  5:19  Drone x2  
  39  5:25  Zergling x8  
  43  5:29  Spine Crawler  
  42  5:35  Zerg Missile Weapons Level 1  
  42  5:38  Extractor  
  42  5:39  Drone x2  
  43  5:50  Overlord  
  43  5:54  Evolution Chamber  
  41  6:00  Glial Reconstitution  
  41  6:02  Drone  
  42  6:08  Overlord  
  42  6:09  Overlord  
  42  6:11  Drone x5  
  47  6:22  Overlord  
  51  6:25  Roach x2  
  50  6:34  Overseer  
  50  6:36  Roach x5  
  60  6:43  Roach  
  62  6:49  Extractor x2  
  60  6:54  Roach x3  
  60  6:55  Roach x2  
  60  6:58  Drone  
  71  7:07  Drone  
  72  7:25  Hydralisk Den  
  72  7:26  Drone  
  72  7:27  Drone x3  
  75  7:37  Hatchery, Spore Crawler  
  75  7:39  Spore Crawler, Drone x3  
  75  7:53  Spore Crawler  
  75  7:57  Overlord  
  75  7:58  Overlord x2  
  74  8:01  Zerg Missile Weapons Level 2  
  74  8:04  Zerg Ground Armor Level 1  
  74  8:15  Queen  
  74  8:19  Overlord  
  76  8:20  Overlord  
  76  8:21  Queen  
  76  8:26  Spore Crawler  
  77  8:32  Muscular Augments  
  77  8:34  Hydralisk  
  77  8:36  Hydralisk  
  77  8:39  Hydralisk  
  83  8:44  Hydralisk  
  83  8:48  Hydralisk  
  85  8:53  Hydralisk  
  89  8:58  Queen  
  89  9:01  Hydralisk  
  93  9:08  Hydralisk  
  95  9:20  Drone x6  
  95  9:21  Drone  
  102  9:31  Overlord x2  
  102  9:38  Hydralisk x2  
  102  9:42  Drone x2  
  105  10:01  Spore Crawler  
  102  10:12  Hydralisk x3  
  102  10:13  Hydralisk x4  
  116  10:14  Spore Crawler  
  116  10:16  Drone x3  
  116  10:18  Drone  
  119  10:27  Spore Crawler  
  118  10:30  Overseer  
  118  10:44  Drone x3  
  118  10:46  Overlord x3, Extractor  
  118  10:49  Extractor  
  119  11:03  Drone x3  
  122  11:04  Drone x3  
  122  11:05  Drone  
  122  11:06  Drone x3  
  122  11:10  Zerg Ground Armor Level 2, Infestation Pit  
  128  11:19  Overlord x3  
  128  11:22  Roach x2  
  128  11:24  Roach  
  134  11:48  Spore Crawler  
  134  11:51  Hatchery  
  132  12:07  Overlord  
  132  12:09  Hive, Pathogen Glands  
  132  12:13  Hatchery  
  128  12:34  Roach x7  
  128  12:35  Roach  
  128  12:36  Roach x4  
  151  12:37  Infestor x3  
  151  12:38  Infestor  
  151  12:40  Infestor  
  161  12:50  Drone x2  
  163  13:00  Spine Crawler  
  163  13:01  Spore Crawler  
  163  13:04  Extractor  
  163  13:05  Hydralisk x5  
  162  13:12  Roach x2  
  174  13:17  Drone x4  
Tags
 
Add a new tag
Caveats
  • Supply blocks, unpowered buildings, or Contaminate may cause inaccurate times.
  • Supply counts are checked every 10 seconds.